 Dungeon Crawl Stone Soup version 0.28-a0-1435-g82390b3a13 (webtiles) character file.

Game seed: 4909201417885352929

28 Atlas the Chiller (level 3, -4/24 HPs)
             Began as a Demonspawn Ice Elementalist on Jan 9, 2022.
             Slain by a hobgoblin (5 damage)
             ... on level 1 of the Dungeon.
             The game lasted 00:01:04 (1315 turns).

Atlas the Chiller (Demonspawn Ice Elementalist)     Turns: 1315, Time: 00:01:05

Health: -4/24      AC:  2    Str:  8    XL:     3   Next: 0%
Magic:  6/6        EV: 12    Int: 18    God:
Gold:   33         SH:  0    Dex: 13    Spells: 5/6 levels left

rFire   . . .      SeeInvis .   (no weapon)
rCold   . . .      Faith    .   (no shield)
rNeg    . . .      Spirit   .   a - +0 robe
rPois   .          Reflect  .   (no helmet)
rElec   .          Harm     .   (no cloak)
rCorr   .          Rampage  .   (no gloves)
Will    .....                   (no boots)
Stlth   ++........              (no amulet)
HPRegen 0.08/turn               (no ring)
MPRegen 0.20/turn               (no ring)

@: no status effects
A: hooves 1, magic regeneration
a: no special abilities


You were on level 1 of the Dungeon.
You visited 1 branch of the dungeon, and saw 1 of its levels.

You collected 33 gold pieces.

Inventory:

Armour
 a - a +0 robe (worn)
Potions
 b - a potion of experience {unknown}
 c - a potion of degeneration {unknown}
 d - a potion of ambrosia {unknown}


   Skills:
 + Level 1.9 Dodging
 + Level 1.9 Stealth
 + Level 0.1 Unarmed Combat
 + Level 2.2 Spellcasting
 + Level 4.2 Ice Magic


You had 5 spell levels left.
You knew the following spells:

 Your Spells              Type           Power      Damage    Failure   Level
a - Freeze                Ice            68%        1d8       3%          1

Your spell library contained the following spells:

 Spells                   Type           Power      Damage    Failure   Level
 Frozen Ramparts          Ice            34%        1d5       10%         3
 Ozocubu's Armour         Ice            17%        N/A       10%         3
 Hailstorm                Conj/Ice       9%         3d4       58%         4


Dungeon Overview and Level Annotations

Branches:
Dungeon (1/15)

Altars:


Innate Abilities, Weirdness & Mutations

You have large cloven feet.
You regenerate magic rapidly.


Message History

Casting: Freeze (safe; 3% risk of failure)
Confirm with . or Enter, or press ? or * to list all spells.
Aiming: Freeze (safe; 3% risk of failure)
Press: ? - help, Shift-Dir - straight line, f - jackal
Aim: a jackal You freeze the jackal!
You kill the jackal!
You have reached level 3!
Your experience leads to an increase in your attributes!
Increase (S)trength, (I)ntelligence, or (D)exterity?
You feel clever. x2
You feel monstrous as your demonic heritage exerts itself.
Your demonic ancestry asserts itself...
Your feet thicken and deform.
A hobgoblin comes into view.
The hobgoblin shouts!
The goblin completely misses you. The goblin hits you with a +0 club.
The hobgoblin hits you. The goblin misses you. The hobgoblin hits you.
The goblin hits you with a +0 club. The hobgoblin hits you.
The goblin barely misses you. The hobgoblin barely misses you.
The goblin misses you.
The hobgoblin hits you but does no damage.
The goblin misses you. The hobgoblin barely misses you.
The goblin barely misses you. The hobgoblin closely misses you.
The goblin barely misses you. The hobgoblin hits you.
The goblin completely misses you. The hobgoblin hits you.
The goblin hits you with a +0 club. The hobgoblin barely misses you.
The goblin hits you but does no damage. The hobgoblin hits you.
* * * LOW HITPOINT WARNING * * *
The goblin hits you with a +0 club.
* * * LOW HITPOINT WARNING * * *
The hobgoblin hits you.
* * * LOW HITPOINT WARNING * * *
The goblin hits you with a +0 club.
* * * LOW HITPOINT WARNING * * *
The hobgoblin barely misses you. The goblin closely misses you.
The hobgoblin closely misses you. The goblin barely misses you.
The hobgoblin hits you.
You die...

#.# #..# #.# #..# #.#
#..# #†# #..# #.# #..#
#.# #..# #.#.########
#..#
#.#........#.######S.#
##.########.#..g@g....#
#...........#########.#
##########..#
.$.......h# #..#
.....g.h#.#
#..###########S#
#.......... #
#.#############
#.............#
#############.#


You could see a hobgoblin, a goblin and a ball python (wandering).

Vanquished Creatures
  3 ball pythons (D:1)
  2 endoplasms (D:1)
  A giant cockroach (D:1)
  2 goblins (D:1)
  A hobgoblin (D:1)
  4 jackals (D:1)
  4 kobolds (D:1)
  A quokka (D:1)
  2 bats (D:1)
  A frilled lizard (D:1)
  4 rats (D:1)
25 creatures vanquished.

Notes
Turn   | Place    | Note
-------+----------+-------------------------------------------
     0 | D:1      | Atlas the Demonspawn Ice Elementalist began the quest for
                  | the Orb.
     0 | D:1      | Reached XP level 1. HP: 13/13 MP: 3/3
   428 | D:1      | Gained mutation: You regenerate magic rapidly. [demonic
                  | ancestry]
   428 | D:1      | Reached XP level 2. HP: 19/19 MP: 3/5
   429 | D:1      | Reached skill level 4 in Ice Magic
   925 | D:1      | Found a faded altar of an unknown god.
  1298 | D:1      | Discovered your monstrous ancestry.
  1298 | D:1      | Gained mutation: You have large cloven feet. [demonic
                  | ancestry]
  1298 | D:1      | Reached XP level 3. HP: 24/24 MP: 4/6
  1313 | D:1      | HP: 1/24 [goblin (1)]
  1315 | D:1      | Slain by a hobgoblin

Illustrated notes

Levels and vault maps discovered:
D:1:      onia_arrival_handbag, layout_basic,
          shapermc_ecumenical_altar_flowoftime

Skill      XL: |  1  2 |
---------------+-------+-----
Ice Magic      | 4 |  4.2
Dodging        | |  1.9
Stealth        | |  1.9
Unarmed Combat | |  0.1
Spellcasting   | |  2.2

Action                   || total
-------------------------++-------
Melee: Unarmed           ||    10
       Punch             ||     1
 Cast: Freeze            ||    35
Armor: Robe              ||     7
Dodge: Dodged            ||    34

Table legend: (Time is in decaauts)
 A = Elapsed time spent in this place.
 B = Non-inter-level travel time spent in this place.
 C = Inter-level travel time spent in this place.
 D = Time resting spent in this place.
 E = Time spent auto-exploring this place.
 F = Levels seen in this place.
 G = Mean time per level.
                   A        B        C        D        E       F      G
               +--------+--------+--------+--------+--------+-----+--------+
         Total |   1315 |   1315 |      0 |      0 |   1133 |   1 | 1315.0 |
       Dungeon |   1315 |   1315 |      0 |      0 |   1133 |   1 | 1315.0 |
               +--------+--------+--------+--------+--------+-----+--------+

Top non-repeatable levels by time:
     D:1: 1315 daAuts
